 Dungeon Crawl Stone Soup version 0.30.0-29-ga12c61a403 (webtiles) character file.

Game seed: 14567200141201096988

1694 cdecastro the Skirmisher (level 8, -11/75 HPs)
             Began as a Minotaur Hunter on June 23, 2023.
             Was a Priest of Fedhas.
             Killed by an exploding ballistomycete spore (15 damage)
             ... set off by their pet
             ... in the Ecumenical Temple.
             The game lasted 00:11:47 (4711 turns).

cdecastro the Skirmisher (Minotaur Hunter)          Turns: 4711, Time: 00:11:48

Health: -11/75     AC:  6    Str: 21    XL:     8   Next: 72%
Magic:  5/10       EV: 11    Int:  6    God:    Fedhas [***...]
Gold:   191        SH:  0    Dex: 15    Spells: 7/7 levels left

rFire   . . .        a - +0 shortbow
rCold   + . .        (shield currently unavailable)
rNeg    . . .        i - +0 ring mail
rPois   +            (helmet restricted)
rElec   .            (no cloak)
rCorr   .            y - +0 pair of gloves
SInv    .            (no boots)
Will    +....        (no amulet) Stlth
                     j - ring "Donoedee" {rPois rC+ Str+4 Slay+4}
HPRegen 0.32/turn    o - ring of willpower
MPRegen 0.12/turn

%: no passive effects
@: confused, lethally poisoned (-11 -> -24)
A: horns 2, retaliatory headbutt
a: Renounce Religion, Wall of Briars, Grow Ballistomycete


You were in the Ecumenical Temple.
You worshipped Fedhas.
Fedhas was most pleased with you.
You visited 2 branches of the dungeon, and saw 8 of its levels.
You also visited: Sewer.

You collected 364 gold pieces.
You spent 173 gold pieces at shops.

Inventory:

Hand Weapons
 a - a +0 shortbow (weapon)
 r - the +5 battleaxe "Zamoetix" {freeze, Int+5}
   (You found it on level 2 of the Dungeon)

   Int:       It affects your intelligence (+5).
 s - a +0 sling
Armour
 c - a +0 leather armour
 i - a +0 ring mail (worn)
 y - a +0 pair of gloves (worn)
Jewellery
 j - the ring "Donoedee" (left hand) {rPois rC+ Str+4 Slay+4}
   (You found it on level 2 of the Dungeon)

   [ring of slaying]

   Str:       It affects your strength (+4).
   Slay:      It affects your accuracy & damage with ranged weapons and melee
   (+4).
   rC:        It protects you from cold.
   rPois:     It protects you from poison.
 n - a +6 ring of dexterity
 o - a ring of willpower (right hand)
 q - a ring of protection from cold
Wands
 l - a wand of flame (9)
 G - a wand of roots (5)
Scrolls
 b - 2 scrolls of immolation
 d - 3 scrolls of blinking
 e - 2 scrolls of fear {unknown}
 f - 5 scrolls of identify
 h - 3 scrolls of magic mapping {unknown}
 k - 2 scrolls of enchant weapon {unknown}
 p - a scroll of poison {unknown}
 t - 3 scrolls of teleportation
 v - 5 scrolls of noise {unknown}
 C - 3 scrolls of enchant armour {unknown}
 E - a scroll of fog {unknown}
Potions
 g - 3 potions of might
 m - 3 potions of curing
 u - 4 potions of invisibility {unknown}
 w - 2 potions of haste {unknown}
 x - 3 potions of heal wounds
 z - 3 potions of degeneration {unknown}
 A - a potion of berserk rage {unknown}
 B - 2 potions of ambrosia {unknown}
 D - a potion of brilliance {unknown}
 F - 4 potions of flight


   Skills:
 + Level 8.6 Fighting
 - Level 9.4 Ranged Weapons
 - Level 2.1 Dodging
 - Level 0.7 Stealth
 + Level 4.2 Invocations


You had 7 spell levels left.
You didn't know any spells.
Your spell library contained the following spells:

 Spells                   Type           Power      Damage    Failure   Level
 Freeze                   Ice            0%         1d3       63%         1
 Shock                    Conj/Air       0%         1d3       63%         1
 Blink                    Tloc           0%         N/A       77%         2
 Lesser Beckoning         Tloc           0%         N/A       77%         2
 Momentum Strike          Conj/Tloc      0%         3d8       77%         2
 Dazzling Flash           Conj/Hex       0%         N/A       94%         3
 Frozen Ramparts          Ice            0%         1d1       94%         3
 Hailstorm                Conj/Ice       0%         3d3       94%         3
 Swiftness                Air            0%         N/A       94%         3
 Volatile Blastmotes      Fire/Tloc      0%         2d10      94%         3
 Airstrike                Air            0%         2d(0-16)  100%        4
 Iskenderun's Mystic Bla  Conj/Tloc      0%         2d3       100%        4
 Starburst                Conj/Fire      0%         6d3       100%        6


Dungeon Overview and Level Annotations

Branches:
Dungeon (7/15)             Temple (1/1) D:7           Sewer (visited)

Altars:
Ashenzari
Cheibriados
Dithmenos
Elyvilon
Fedhas
Gozag
Hepliaklqana
Kikubaaqudgha
Makhleb
Okawaru
Qazlal
Ru
Sif Muna
Uskayaw
Wu Jian
Yredelemnul
Zin
The Shining One

Shops:
D:4 *   D:5 !   D:6 =


Innate Abilities, Weirdness & Mutations

You have a pair of horns on your head.
You reflexively headbutt those who attack you in melee.


Message History

The orc wizard flickers and vanishes!
Deactivating autopickup; reactivate with Ctrl-A.
Your Invocations skill increases to level 4!
Unknown command.
Aiming: Grow Ballistomycete (30% risk of failure)
Press: ? - help, Dir - move target A ballistomycete grows from the ground.
You feel sick.
The water moccasin bites you but does no damage.
The water moccasin closely misses you. Something hits you but does no damage.
Unknown command.
Unknown command.
Unknown command.
You feel sick. The water moccasin bites you.
* * * LOW HITPOINT WARNING * * *
Unknown command.
You shoot an arrow.
The arrow barely misses the water moccasin.
You feel sick. The water moccasin bites you.
* * * LOW HITPOINT WARNING * * *
The water moccasin bites you.
* * * LOW HITPOINT WARNING * * *
You are lethally poisoned!
The water moccasin poisons you! Something hits you but does no damage.
A ballistomycete spore comes into view.
The water moccasin attacks as you move away!
The water moccasin bites you but does no damage.
* * * LOW HITPOINT WARNING * * *
You feel very sick.
Your ballistomycete spore explodes!
The explosion of spores engulfs something!!
Fedhas appreciates your contribution to the ecosystem.
Reactivating autopickup.
You feel a bit more experienced.
The water moccasin appears confused.
The explosion of spores engulfs the water moccasin!!
You kill the water moccasin!
Fedhas appreciates your contribution to the ecosystem.
The explosion of spores engulfs you!
You are confused.
You die...
Fedhas appreciates your contribution to the ecosystem.

#._....##...........##...._.#
#...#...#._.#####._.#...#...#
#####._.....#...#....._.#####
#...##.##._.##.##...#
#####...#...#...#####
#._......._.# #...##.##...#
##.##..P##.## #....<.@..#
####)).#### #####


You could see a friendly ballistomycete (summoned).

Vanquished Creatures
  Grinder (D:6)
  2 water moccasins
  An ogre (D:5)
  A centaur (Temple)
  A phantom (D:6)
  A scorpion (D:5)
  7 wights (D:5)
  3 howler monkeys
  3 hounds
  A jelly (D:5)
  4 orc priests
  2 iguanas (D:4)
  3 orc wizards
  A sickly merfolk siren (Sewer)
  A malarious merfolk avatar (Sewer)
  10 adders
  A river rat (D:6)
  A shadow imp (D:6)
  An ufetubus (D:6)
  A dart slug (D:2)
  12 orcs
  13 ball pythons
  4 bats
  8 endoplasms
  5 giant cockroaches
  7 hobgoblins
  9 jackals
  2 quokkas
  6 frilled lizards
  4 goblins
  7 kobolds
  31 rats
154 creatures vanquished.

Vanquished Creatures (collateral kills)
  A ballistomycete spore (Temple)
1 creature vanquished.

Vanquished Creatures (others)
  A shadow imp (D:6)
1 creature vanquished.

Grand Total: 156 creatures vanquished

Notes
Turn   | Place    | Note
-------+----------+-------------------------------------------
     0 | D:1      | cdecastro the Minotaur Hunter began the quest for the Orb.
     0 | D:1      | Reached XP level 1. HP: 18/18 MP: 0/0
   136 | D:1      | Reached XP level 2. HP: 23/25 MP: 1/1
   375 | D:1      | Reached skill level 5 in Ranged Weapons
   740 | D:2      | Identified the ring "Donoedee" {rPois rC+ Str+4 Slay+4}
   752 | D:2      | Reached XP level 3. HP: 31/31 MP: 2/2
  1000 | D:2      | Found a blossoming altar of Fedhas.
  1003 | D:2      | Identified the +5 battleaxe "Zamoetix" {freeze, Int+5}
  1009 | D:2      | Became a worshipper of Fedhas Madash
  1419 | D:3      | Reached XP level 4. HP: 38/38 MP: 3/3
  1463 | D:3      | Found a shimmering blue altar of Sif Muna.
  1936 | D:4      | Reached skill level 6 in Ranged Weapons
  1953 | D:4      | Reached XP level 5. HP: 21/46 MP: 4/4
  2082 | D:4      | Found a blossoming altar of Fedhas.
  2121 | D:4      | Noticed an oklob plant
  2184 | D:4      | Found a stormy altar of Qazlal.
  2328 | D:4      | Reached * piety under Fedhas
  2462 | D:4      | Reached skill level 7 in Ranged Weapons
  2542 | D:4      | Found Wumag's Assorted Antiques.
  2546 | D:4      | Bought a scroll labelled PETYEGG HEXABO for 20 gold pieces
  2546 | D:4      | Bought a murky blue potion for 18 gold pieces
  2546 | D:4      | Bought a fuming silvery potion for 18 gold pieces
  2557 | D:4      | Reached XP level 6. HP: 55/55 MP: 5/5
  2940 | D:5      | Entered Level 5 of the Dungeon
  2951 | D:5      | Found Xusiacsasm's Distillery.
  2966 | D:5      | Reached skill level 5 in Fighting
  2970 | D:5      | Bought a potion of heal wounds for 65 gold pieces
  2970 | D:5      | Bought a potion of might for 52 gold pieces
  3261 | D:5      | Reached skill level 8 in Ranged Weapons
  3261 | D:5      | Reached XP level 7. HP: 61/61 MP: 6/6
  3523 | D:5      | Reached skill level 9 in Ranged Weapons
  3539 | D:5      | Reached ** piety under Fedhas
  3755 | D:6      | Found a glowing drain.
  3783 | Sewer    | Entered a sewer
  3920 | Sewer    | Reached *** piety under Fedhas
  3963 | Sewer    | Reached XP level 8. HP: 71/71 MP: 7/7
  3988 | Sewer    | Reached skill level 1 in Invocations
  4293 | D:6      | Noticed Grinder
  4295 | D:6      | Paralysed by Grinder for 5 turns
  4312 | D:6      | Killed Grinder
  4419 | D:6      | Found Arhigrimou's Jewellery Shoppe.
  4561 | D:7      | Found a staircase to the Ecumenical Temple.
  4568 | Temple   | Entered the Ecumenical Temple
  4711 | Temple   | Killed by an exploding ballistomycete spore... set off by
                  | their pet

Illustrated notes

Levels and vault maps discovered:
D:1:      spicycebolla_arrival_risky_transporter, layout_basic
D:2:      layout_rooms, serial_forest, infiniplex_forest_clump_long,
          infiniplex_forest_lined_corner, infiniplex_forest_fountain,
          infiniplex_forest_lined_corner, infiniplex_forest_lined_room_2,
          infiniplex_forest_diagonal, infiniplex_forest_lined_room_3,
          infiniplex_forest_clump_small, infiniplex_forest_lined_2,
          infiniplex_forest_end_1, basic_altar, chequers_serial_rivers_micro_d,
          grunt_decor_resistance
D:3:      layout_loops_cross, mainiacjoe_overflow_alcove_4, minivault_11
D:4:      cheibrodos_old_hovel, layout_basic, grunt_qazlal_clouds, tgw_fedhas,
          serial_shops, nicolae_shop_dealshenge
D:5:      layout_cave_pods, serial_column_ruins, column_ruins_columns_water,
          column_ruins_open_tiny, column_ruins_open_medium,
          column_ruins_columns_corner, column_ruins_corridor_corner,
          serial_shops, shop
D:6:      layout_cave_pools, portal_sewer_entry_a, serial_shops, shop,
          uniq_grinder
D:7:      layout_cave_pools, vehumet_altar_wand_db, lemuel_tele_altar,
          minmay_temple_entry_slanted, kennysheep_generic_room_9,
          uniq_prince_ribbit1
Temple:   eino_wide_crystal_templ

Skill      XL: |  1  2  3  4  5  6  7  8 |
---------------+-------------------------+-----
Ranged Weapons | 5 6 7 8 9 |  9.4
Fighting       | 3 4 5 6 8 |  8.6
Invocations    | 4 |  4.2
Dodging        | |  2.1
Stealth        | |  0.7

Action                     |  1- 3 |  4- 6 |  7- 9 || total
---------------------------+-------+-------+-------++-------
  Melee: Shortbow          |       |     2 |       ||     2
   Fire: Shortbow          |   105 |    97 |   175 ||   377
 Invoke: Grow Ballistomyce |       |       |     1 ||     1
  Evoke: Wand              |       |     1 |     9 ||    10
    Use: Scroll            |       |     1 |     1 ||     2
 Armour: Leather armour    |     1 |       |       ||     1
         Ring mail         |    10 |    11 |    28 ||    49
  Dodge: Dodged            |    26 |    19 |    43 ||    88
